 Dungeon Crawl Stone Soup version 0.31-a0-1539-g569d6c7dce (webtiles) character file.

Game seed: 4941788903221422469

949 Flugslaktarn the Trooper (level 7, -2/66 HPs)
             Began as a Minotaur Fighter on Jan 1, 2024.
             Was a Believer of Ru.
             Succumbed to a water moccasin's poison
             ... on level 5 of the Dungeon.
             The game lasted 00:02:10 (4052 turns).

Flugslaktarn the Trooper (Minotaur Fighter)         Turns: 4052, Time: 00:02:11

Health: -2/66      AC:  8    Str: 23    XL:     7   Next: 89%
Magic:  21/21      EV:  8    Int:  5    God:    Ru [**....]
Gold:   269        SH:  8    Dex:  9    Spells: 6/6 levels left

rFire   + . .        a - +0 war axe
rCold   . . .        y - +0 kite shield
rNeg    . . .        b - +0 scale mail
rPois   .            (helmet restricted)
rElec   .            z - +0 cloak {Will+}
rCorr   .            (no gloves)
SInv    .            (no boots)
Will    ++...        q
                       - Hermit's Pendant {Faith Invo=14 Evo=0 MP+5} Stlth
                     f - ring of protection from fire
HPRegen 0.31/turn    (no ring)
MPRegen 0.17/turn

%: faith
@: lethally poisoned (-2 -> -41), attractive, enlightened, flying
A: horns 2, no stealth, hated by all, retaliatory headbutt
a: Renounce Religion


You were on level 5 of the Dungeon.
You worshipped Ru.
Ru was pleased with you.
You visited 1 branch of the dungeon, and saw 5 of its levels.

You collected 269 gold pieces.

Inventory:

Hand Weapons
 a - a +0 war axe (weapon)
Armour
 b - a +0 scale mail (worn)
 c - a +0 buckler
 y - a +0 kite shield (worn)
   (You found it on level 4 of the Dungeon)
 z - a +0 cloak of willpower (worn)
   (You took it off Crazy Yiuf on level 4 of the Dungeon)
Jewellery
 f - a ring of protection from fire (left hand)
   (You found it on level 5 of the Dungeon)
 q - the Hermit's Pendant (around neck) {Faith Invo=14 Evo=0 MP+5}
   (You found it on level 3 of the Dungeon)

   [amulet of faith]

   Invo=14: It sets your Invocations skill to 14.
   Evo=0: It sets your Evocations skill to 0.
   Faith:     It allows you to gain divine favour quickly.
   MP+5:      It affects your magic capacity (+5).
 u - an amulet of magic regeneration
   (You found it on level 4 of the Dungeon)
 x - a ring of flight
   (You found it on level 4 of the Dungeon)
Wands
 B - a wand of light (13)
   (You found it on level 5 of the Dungeon)
Scrolls
 h - 2 scrolls of immolation {unknown}
 i - 3 scrolls of teleportation {unknown}
 j - a scroll of fog {unknown}
 l - 2 scrolls of blinking {unknown}
 m - a scroll of poison {unknown}
 p - 2 scrolls of identify {unknown}
 r - a scroll of vulnerability {unknown}
 s - 2 scrolls of fear {unknown}
 C - a scroll of noise {unknown}
Potions
 d - 3 potions of might
 e - 2 potions of degeneration {unknown}
 g - 4 potions of enlightenment
 k - a potion of resistance {unknown}
 n - 2 potions of heal wounds {unknown}
 o - a potion of brilliance {unknown}
 t - a potion of curing {unknown}
 v - a potion of attraction
 w - a potion of haste {unknown}
 A - 2 potions of magic {unknown}


   Skills:
 * Level 7.6 Fighting
 * Level 7.1 Axes
 + Level 5.9 Armour
 + Level 4.3 Shields


You had 6 spell levels left.
You didn't know any spells.
Your spell library contained the following spells:

 Spells                   Type           Power      Damage    Failure   Level
 Anguish                  Hex/Necr       0%         N/A       100%        4
 Cause Fear               Hex            0%         N/A       100%        4
 Enfeeble                 Hex            0%         N/A       100%        7


Dungeon Overview and Level Annotations

Branches:
Dungeon (5/15)
 Temple: D:4-7

Altars:
Ru
Zin

Shops:
D:3 *


Innate Abilities, Weirdness & Mutations

You have a pair of horns on your head.
You cannot be stealthy.
You are hated by all.
You reflexively headbutt those who attack you in melee.


Message History

An iguana comes into view.
The iguana hisses angrily.
You slash the ribbon worm!
The ribbon worm is moderately wounded.
The ribbon worm barely misses you.
You hit the ribbon worm. You headbutt the ribbon worm.
The ribbon worm is severely wounded.
The ribbon worm bites you but does no damage.
You hit the ribbon worm but do no damage.
The ribbon worm is severely wounded.
The ribbon worm is stunned by your conviction and fails to attack.
You hit the ribbon worm but do no damage.
The ribbon worm is severely wounded.
The ribbon worm expels a string of sticky webbing.
You block the stream of webbing.
There are monsters nearby!
You slash the ribbon worm!
You kill the ribbon worm!
An iguana is nearby!
You slash the iguana! You headbutt the iguana.
You kill the iguana!
No target in view!
A gnoll comes into view.
It is wielding a +0 flail and quivering 2 throwing nets.
A gnoll is nearby!
A gnoll is nearby!
A gnoll is nearby!
A gnoll sergeant and 2 gnolls come into view.
Found a stone staircase leading down.
The gnoll sergeant shouts!
The gnoll shouts!
You hear a shout!
The gnoll sergeant moves out of view.
The gnoll moves out of view.
You slash the gnoll!
The gnoll is almost dead.
The gnoll hits you but does no damage.
A gnoll comes into view. It is wielding a +0 flail.
The gnoll hits you with a +0 flail.
You slash the gnoll!
You kill the gnoll!
A water moccasin comes into view.
The gnoll sergeant hits you but does no damage.
A scorpion comes into view.
The water moccasin hisses angrily.
The gnoll sergeant is stunned by your conviction and fails to attack.
Things that are here:
a +0 flail; 2 throwing nets You barely miss the gnoll sergeant.
You block the gnoll's attack. You block the gnoll sergeant's attack.
You slash the gnoll! Your headbutt misses the gnoll.
The gnoll is almost dead.
You closely miss the gnoll sergeant. The gnoll barely misses you.
The gnoll sergeant hits you with a +0 spear!
The gnoll hits you but does no damage.
You slash the gnoll!
You kill the gnoll!
You hit the gnoll sergeant. The gnoll barely misses you.
You block the gnoll sergeant's attack. The water moccasin bites you.
You are poisoned.
The water moccasin poisons you! The gnoll closely misses you.
The gnoll sergeant barely misses you.
You hit the gnoll sergeant. You headbutt the gnoll sergeant!
The gnoll sergeant is severely wounded.
You closely miss the water moccasin.
You feel very sick.
The water moccasin bites you but does no damage.
The gnoll sergeant hits you with a +0 spear!
The gnoll completely misses you. The water moccasin barely misses you.
You furiously retaliate!
You headbutt the water moccasin. You slash the gnoll sergeant!
You kill the gnoll sergeant!
You closely miss the water moccasin.
You feel sick. The water moccasin bites you. The gnoll barely misses you.
You block the scorpion's attack.
Your Axes skill increases to level 7!
You hit the water moccasin.
The water moccasin is moderately wounded.
You hit the scorpion.
You feel sick. The water moccasin bites you.
You are more poisoned.
The water moccasin poisons you! The gnoll hits you but does no damage.
The scorpion stings you. The water moccasin bites you.
You are too injured to fight recklessly!
You feel very sick.
The water moccasin attacks as it pursues you!
The water moccasin bites you.
* * * LOW HITPOINT WARNING * * *
You are more poisoned.
The water moccasin poisons you!
The water moccasin bites you but does no damage.
It was a potion of enlightenment.
You feel very buoyant.
You fly up into the air.
* * * LOW HITPOINT WARNING * * *
You feel extremely sick. The water moccasin bites you.
* * * LOW HITPOINT WARNING * * *
You are more poisoned.
The water moccasin poisons you!
Okay, then.
Okay, then.
It was a potion of attraction.
You feel attractive to monsters.
You die...

#.# #.# #.#.
#≈≈8..8≈≈###.. #.#
#.# ...
#≈≈≈..≈≈≈###.. #.#
...
###.###≈≈≈..≈≈≈#....
#.# #..
.....#####''######.#
#.#
#..#.###..######.#
#.#
#..............).#
#........#########
#.##.##### #@##.#
#S##.# #....)g##.#
.......g##.#
.#.....###.# ......#
#.# ....## #.# ..>.
...


You could see a water moccasin and 2 gnolls.

Vanquished Creatures
  A black bear (D:4)
  A phantom (D:5)
  An ogre (D:5)
  A gnoll sergeant (D:5)
  2 bombardier beetles
  3 jellies
  A gnoll bouda (D:3)
  An orc priest (D:3)
  Crazy Yiuf (D:4)
  A hound (D:5)
  Jessica (D:2)
  An iguana (D:5)
  Natasha (twice) (D:2)
  Terence (D:2)
  5 gnolls
  7 adders
  3 dart slugs
  3 ribbon worms
  16 orcs
  8 ball pythons
  6 endoplasms
  5 giant cockroaches
  7 goblins
  10 hobgoblins
  4 jackals (D:1)
  3 quokkas
  4 bats
  3 frilled lizards
  15 kobolds
  5 rats
122 creatures vanquished.

Notes
Turn   | Place    | Note
-------+----------+-------------------------------------------
     0 | D:1      | Flugslaktarn the Minotaur Fighter began the quest for the
                  | Orb.
     0 | D:1      | Reached XP level 1. HP: 19/19 MP: 0/0
    94 | D:1      | Reached XP level 2. HP: 27/27 MP: 1/1
   352 | D:1      | Found a faded altar of an unknown god.
   365 | D:1      | Prayed at the altar of an unknown god.
   365 | D:1      | Became a worshipper of Ru the Awakened
   371 | D:1      | Gained mutation: You are hated by all. [Ru sacrifice]
   371 | D:1      | Reached * piety under Ru
   371 | D:1      | Reached ** piety under Ru
   704 | D:2      | Noticed Jessica
   712 | D:2      | Killed Jessica
   713 | D:2      | Reached XP level 3. HP: 29/34 MP: 2/2
   741 | D:2      | Noticed Terence
   752 | D:2      | Killed Terence
   753 | D:2      | Reached XP level 4. HP: 26/41 MP: 3/3
   948 | D:2      | Reached skill level 5 in Fighting
  1205 | D:2      | Noticed Natasha
  1208 | D:2      | Killed Natasha
  1237 | D:2      | Reached XP level 5. HP: 48/48 MP: 4/4
  1304 | D:2      | Noticed Natasha
  1308 | D:2      | Killed Natasha
  1596 | D:3      | Found a faded altar of an unknown god.
  1596 | D:3      | Found the Hermit's Pendant {Faith Invo=14 Evo=0 MP+5}
  1890 | D:3      | Reached skill level 5 in Axes
  2007 | D:3      | Reached XP level 6. HP: 44/57 MP: 15/15
  2069 | D:3      | Reached skill level 5 in Armour
  2225 | D:3      | Found Zin's Purification Station.
  2225 | D:3      | Found a glowing silver altar of Zin.
  2704 | D:4      | Gained mutation: You cannot be stealthy. [Ru sacrifice]
  3166 | D:4      | Found a runed translucent door.
  3167 | D:4      | Noticed Crazy Yiuf
  3277 | D:4      | Reached XP level 7. HP: 57/64 MP: 16/16
  3476 | D:4      | Killed Crazy Yiuf
  3597 | D:5      | Entered Level 5 of the Dungeon
  4052 | D:5      | Succumbed to a water moccasin's poison

Illustrated notes

Levels and vault maps discovered:
D:1:      orjb1_clovarrival, layout_loops_cross,
          shapermc_ecumenical_altar_mp_highgroup
D:2:      minmay_skewed_foursquare, layout_basic, uniq_terence, uniq_jessica,
          uniq_natasha
D:3:      minmay_chambers_of_threes, layout_basic, zin_purify,
          hellmonk_guarded_unrand_hermit
D:4:      layout_loops_ring, uniq_crazy_yiuf_cottage
D:5:      layout_loops_ring, nicolae_sif_muna_little_library,
          kennysheep_generic_room_5, uniq_prince_ribbit1, uniq_ijyb

Skill      XL: |  1  2  3  4  5  6  7 |
---------------+----------------------+-----
Fighting       | 4 5 6 7 |  7.6
Axes           | 3 4 5 6 7 |  7.1
Armour         | 4 5 |  5.9
Shields        | 4 |  4.3

Action                     |  1- 3 |  4- 6 |  7- 9 || total
---------------------------+-------+-------+-------++-------
  Melee: War axe           |    58 |   158 |    55 ||   271
         Headbutt          |     5 |    21 |    10 ||    36
 Invoke: Sacrifice Love    |     1 |       |       ||     1
         Sacrifice Stealth |       |     1 |       ||     1
    Use: Potion            |       |       |     2 ||     2
 Armour: Scale mail        |    34 |    93 |    42 ||   169
  Dodge: Dodged            |    26 |    55 |    19 ||   100
  Block: Buckler           |    12 |    29 |       ||    41
         Kite shield       |       |     4 |    22 ||    26

Table legend: (Time is in decaauts)
 A = Elapsed time spent in this place.
 B = Non-inter-level travel time spent in this place.
 C = Inter-level travel time spent in this place.
 D = Time resting spent in this place.
 E = Time spent auto-exploring this place.
 F = Levels seen in this place.
 G = Mean time per level.
                   A        B        C        D        E       F      G
               +--------+--------+--------+--------+--------+-----+--------+
         Total |   4148 |   4009 |    139 |    344 |   2943 |   5 |  829.6 |
       Dungeon |   4148 |   4009 |    139 |    344 |   2943 |   5 |  829.6 |
               +--------+--------+--------+--------+--------+-----+--------+

Top non-repeatable levels by time:
     D:3: 1057 daAuts
     D:4: 1049 daAuts
     D:2: 837 daAuts
     D:1: 733 daAuts
     D:5: 469 daAuts
